 Dungeon Crawl Stone Soup version 0.17.0-24-gcfadda4 (webtiles) character file.

32 vatarom the Ruffian (level 3, -1/28 HPs)
             Began as a Draconian Transmuter on Nov 17, 2015.
             Slain by an adder (2 damage)
             ... on level 2 of the Dungeon.
             The game lasted 00:02:07 (1118 turns).

vatarom the Ruffian (Draconian Transmuter)          Turns: 1118, Time: 00:02:07

Health: -1/28      AC:  5    Str: 12      XL:     3   Next: 10%
Magic:  6/6        EV: 12    Int: 14      God:
Gold:   71         SH:  0    Dex:  9 (11) Spells: 1 memorised, 5 levels left

rFire  . . .     SeeInvis .       - Unarmed
rCold  . . .     Clarity  .     (armour unavailable)
rNeg   . . .     SustAt   +     (no shield)
rPois  .         Gourm    .     (helmet restricted)
rElec  .         Spirit   .     (no cloak)
rCorr  .         Warding  .     (no gloves)
rMut   .         Stasis   .     (boots currently unavailable)
MR     .....                    (no amulet)
Stlth  +.........               (no ring)
                                g - ring of sustain attributes

@: lethally poisoned (-1 -> -4), appendage (expiring), not resistant to hostile
enchantments, very unstealthy
A: unfitting armour, talons 3, cold-blooded, AC +5
a: End Transformation


You were on level 2 of the Dungeon.
You were not hungry.
You had grown temporary talons.
You visited 1 branch of the dungeon, and saw 2 of its levels.

You collected 71 gold pieces.

Inventory:

Missiles
 a - 26 arrows
Jewellery
 g - a ring of sustain attributes (left hand)
Scrolls
 d - 3 scrolls of identify
 e - 2 scrolls of teleportation
 i - a scroll of blinking
Books
 b - a book of Changes

   Spells                             Type                      Level
   a - Beastly Appendage              Transmutation                1
   b - Sticks to Snakes               Transmutation                2
   c - Spider Form                    Transmutation/Poison         3
   d - Ice Form                       Ice/Transmutation            4
   e - Blade Hands                    Transmutation                5
Comestibles
 c - 3 bread rations
 f - 3 fruits
 j - 3 chunks of flesh


   Skills:
 - Level 1.1 Fighting
 + Level 2.4 Dodging
 - Level 3.4 Unarmed Combat
 - Level 2.0 Spellcasting
 + Level 2.6 Transmutations


You had 5 spell levels left.
You knew the following spells:

 Your Spells              Type           Power        Failure   Level  Hunger
a - Beastly Appendage     Trmt           #.....       10%         1    ##.....


Dungeon Overview and Level Annotations

Branches:
Dungeon (2/15)

Altars:
Ashenzari
Elyvilon
Fedhas
Gozag
Qazlal


Innate Abilities, Weirdness & Mutations

Your plain brown scales are hard (AC +5).
Your body does not fit into most forms of armour.
You are cold-blooded and may be slowed by cold attacks.
You have claws for feet.


Message History

* * * LOW HITPOINT WARNING * * *
You barely miss the adder. Your kick misses the adder.
Your tail-slap misses the adder.
Your punch misses the adder.
The adder is severely wounded.
The adder closely misses you.
You barely miss the adder. Your kick misses the adder.
The adder is severely wounded.
Your transformation is almost over.
* * * LOW HITPOINT WARNING * * *
You feel sick. The adder closely misses you.
You closely miss the adder. Your kick misses the adder.
The adder is severely wounded.
The adder barely misses you. The adder bites you but does no damage.
You closely miss the adder.
The adder is severely wounded.
The adder barely misses you.
You closely miss the adder. Your kick misses the adder.
The adder is severely wounded.
The adder bites you.
You die...

##########
####.........### ...
........(..#####
.###.# #...........#
...#.###.###.#.###.#
...........#.#.S@.#
##.#.###.#.#.#...#.#
##.# #.#.#.#...#.#
(..#.###.#.#.#...#..
...#.........#...#..#
...#####.#.####..#..#
.......#.#.####..#..#
..##.#.#)#...........
..##.#..).........


You could see an adder.

Vanquished Creatures
  An ooze (D:2)
  2 giant geckos (D:1)
  3 bats (D:1)
  4 goblins (D:1)
  5 hobgoblins
  2 kobolds (D:1)
  3 giant cockroaches (D:2)
  3 giant newts
  3 rats (D:1)
26 creatures vanquished.

Notes
Turn   | Place    | Note
--------------------------------------------------------------
     0 | D:1      | vatarom the Draconian Transmuter began the quest for the Orb.
     0 | D:1      | Reached XP level 1. HP: 16/16 MP: 3/3
    80 | D:1      | Reached XP level 2. HP: 14/23 MP: 3/5
   919 | D:2      | Found an opulent altar of Gozag.
   930 | D:2      | Found a shattered altar of Ashenzari.
   935 | D:2      | Found a blossoming altar of Fedhas.
   935 | D:2      | Found a stormy altar of Qazlal.
   935 | D:2      | Found a white marble altar of Elyvilon.
  1032 | D:2      | Reached XP level 3. HP: 14/28 MP: 4/6
  1115 | D:2      | HP: 1/28 [poisoned by an adder]
  1118 | D:2      | Slain by an adder

Action                   || total
-------------------------++-------
Melee: Unarmed           ||   106
 Cast: Beastly Appendage ||    15
  Use: Scroll            ||     4
       Potion            ||     4
 Stab: Sleeping          ||     1
  Eat: Chunk             ||     1
